 Dungeon Crawl Stone Soup version 0.18.1-2-ga659475 (webtiles) character file.

34 esc the Sneak (level 3, -1/29 HPs)
             Began as a Hill Orc Wanderer on May 8, 2016.
             Slain by a worm (10 damage)
             ... on level 2 of the Dungeon.
             The game lasted 00:03:18 (1244 turns).

esc the Sneak (Hill Orc Wanderer)                   Turns: 1244, Time: 00:03:19

Health: -1/29      AC:  2    Str: 12    XL:     3   Next: 31%
Magic:  5/5        EV: 11    Int: 14    God:
Gold:   37         SH:  0    Dex: 11    Spells: 0 memorised, 5 levels left

rFire  . . .     SeeInvis .     a - +2 dagger
rCold  . . .     Gourm    .     d - +0 robe
rNeg   . . .     Faith    .     (no shield)
rPois  .         Spirit   .     (no helmet)
rElec  .         Dismiss  .     (no cloak)
rCorr  .         Reflect  .     (no gloves)
SustAt .         Harm     .     (no boots)
MR     .....                    (no amulet)
Stlth  ++........               (no ring)
                                (no ring)

@: not resistant to hostile enchantments, unstealthy
A: no striking features
a: no special abilities


You were on level 2 of the Dungeon.
You were not hungry.

You visited 1 branch of the dungeon, and saw 2 of its levels.

You collected 37 gold pieces.

Inventory:

Hand Weapons
 a - a +2 dagger (weapon)
Missiles
 i - 14 poisoned needles
 j - 39 stones (quivered)
Armour
 d - a +0 robe (worn)
 k - a +0 pair of boots
   (You found it on level 1 of the Dungeon)
 l - a +0 ring mail
   (You found it on level 1 of the Dungeon)
Scrolls
 b - a scroll of fear
Potions
 c - a potion of curing
 e - a potion of degeneration {unknown}
 m - a potion of heal wounds {unknown}
 o - a potion of haste {unknown}
Comestibles
 f - 2 bread rations {@e1}
 g - 4 fruits
 h - a beef jerky
 n - 5 chunks of flesh {@w0}


   Skills:
 + Level 2.3 Fighting
   Level 2.1 Polearms
 + Level 1.9 Armour
 + Level 1.0 Dodging
 - Level 2.4 Stealth
 - Level 1.5 Spellcasting
   Level 1.0 Hexes
   Level 1.0 Evocations


You had 5 spell levels left.
You didn't know any spells.

Dungeon Overview and Level Annotations

Branches:
Dungeon (2/15)

Altars:


Message History

You are feeling hungry.
You hit the hobgoblin. The hobgoblin hits you.
You take 1 damage, and have 28/29 hp.
You hit the hobgoblin.
You kill the hobgoblin!
No target in view!
You see here a hobgoblin corpse.
You butcher the hobgoblin corpse.
n - 5 chunks of flesh {@w0} (gained 3)
You see here a hobgoblin skeleton.
There is a stone staircase leading down here.
j - 39 stones (gained 1) Health restored: 29 A bat comes into view.
There is a stone staircase leading down here.
You hit the bat. The bat misses you. The bat hits you.
You take 1 damage, and have 28/29 hp.
The bat hits you but does no damage.
You see here a hobgoblin skeleton.
The bat barely misses you. The bat barely misses you.
The bat barely misses you.
You closely miss the bat. The bat hits you but does no damage.
You hit the bat.
You kill the bat!
No target in view!
No target in view!
Eating one of 5 chunks of flesh {@w0}.
You continue eating. x2
A kobold comes into view. It is wielding a whip.
Health restored: 29 You strike the helpless kobold from a blind spot!
You hit the kobold.
You kill the kobold!
No target in view!
No target in view!
You see here a whip.
Partly explored, can't reach some items.
Search for what [? for help]? polearm Can't find anything matching that.
There is a stone staircase leading down here.
You climb downwards.
A bat comes into view.
There is a stone staircase leading up here.
The bat hits you.
You take 1 damage, and have 28/29 hp.
You hit the bat.
You kill the bat!
No target in view!
No target in view!
You see here a bat corpse.
You butcher the bat corpse.
n - 5 chunks of flesh {@w0} (gained 1)
You see here a bat skeleton.
Some of the chunks of flesh in your inventory have rotted away.
You now have 30 gold pieces (gained 11).
A rat comes into view.
Health restored: 29 No target in view!
No target in view!
A rat comes into view.
You closely miss the rat. You barely miss the rat. The rat bites you.
You take 2 damage, and have 27/29 hp.
You hit the rat. The rat bites you.
You take 1 damage, and have 26/29 hp.
You hit the rat.
You kill the rat!
The rat closely misses you.
You hit the rat.
You kill the rat!
No target in view!
You see here a rat corpse.
You butcher the rat corpse.
n - 5 chunks of flesh {@w0} (gained 1)
You see here a rat skeleton.
You now have 37 gold pieces (gained 7).
A worm comes into view.
You regained 2 hp, and now have 28/29 hp.
Found a stone staircase leading down.
A rat comes into view.
Found 18 stones.
Found a stone staircase leading down.
The helpless worm fails to defend itself.
You puncture the worm! The worm bites you!
You take 8 damage, and have 20/29 hp.
MASSIVE DAMAGE!!
You hit the worm. You hit the worm. The worm closely misses you.
You hit the worm. The worm bites you.
You take 3 damage, and have 17/29 hp.
You hit the worm. The rat bites you.
You take 1 damage, and have 16/29 hp.
You hit the worm. The worm barely misses you. The rat barely misses you.
You hit the worm. The rat bites you but does no damage.
You hit the worm. The worm bites you! The rat misses you.
You take 7 damage, and have 9/29 hp.
MASSIVE DAMAGE!!
You barely miss the worm. The rat barely misses you. The worm bites you!
You die...

..........#.#..........
.........#..#...........
........##.##...........
.#.#######.#............
.#.# #...#.........#
...# #.....#...........
...# #######...........
...# #..........> ...#
#...@r...... ...#
#>....w...... ####
#..#..........
#............(
#.##.......... #.$
..######### .. ###


You could see a worm and a rat.

Vanquished Creatures
  A dart slug (D:1)
  2 giant geckos (D:1)
  A giant cockroach (D:1)
  3 hobgoblins (D:1)
  3 jackals (D:1)
  2 kobolds (D:1)
  8 bats
  3 giant newts (D:1)
  7 rats
30 creatures vanquished.

Notes
Turn   | Place    | Note
--------------------------------------------------------------
     0 | D:1      | esc the Hill Orc Wanderer began the quest for the Orb.
     0 | D:1      | esc set off with: a +2 dagger, a scroll of fear, 2 potions of curing, a +0 robe, a bread ration {@e1}
     0 | D:1      | Reached XP level 1. HP: 16/16 MP: 3/3
   187 | D:1      | Reached XP level 2. HP: 19/23 MP: 4/4
   344 | D:1      | Reached skill level 1 in Armour
   486 | D:1      | Reached skill level 2 in Fighting
   633 | D:1      | HP: 2/24 [dart slug/slug dart (8)]
   635 | D:1      | Reached skill level 1 in Dodging
   635 | D:1      | Reached XP level 3. HP: 15/29 MP: 5/5
  1244 | D:2      | Slain by a worm

Skill      XL: |  1  2 |
---------------+-------+-----
Armour         | 1 |  1.9
Fighting       | 2 |  2.3
Dodging        | 1 |  1.0
Polearms       | |  2.1
Stealth        | |  2.4
Spellcasting   | |  1.5
Hexes          | |  1.0
Evocations     | |  1.0

Action                   || total
-------------------------++-------
Melee: Dagger            ||    98
Throw: Stone             ||     1
  Use: Potion            ||     1
 Stab: Sleeping          ||     4
       Distracted        ||     1
  Eat: Chunk             ||     1
Armor: Robe              ||    23
Dodge: Dodged            ||    47

Vault maps used:
D:1:      onia_arrival_mini_maze
D:2:      lemuel_tele_altar

Table legend:
 A = Turns spent in this place as a percentage of turns spent in the entire game.
 B = Non-inter-level travel turns spent in this place as a percentage of non-inter-level travel turns spent in the entire game.
 C = Inter-level travel turns spent in this place as a percentage of turns spent in this place.
 D = Turns resting spent in this place as a percentage of non-inter-level travel turns spent in this place.
 E = Turns spent auto-exploring this place as a percentage of non-inter-level travel turns spent in this place.
 F = Non-inter-level travel turns spent in this place divided by the number of levels of this place that you've seen.
                   A       B       C       D       E      F
               +-------+-------+-------+-------+-------+----------------------
         Total | 100.0 | 100.0 |   0.3 |   2.3 |   8.1 | 172.0
       Dungeon | 100.0 | 100.0 |   0.3 |   2.3 |   8.1 | 172.0
               +-------+-------+-------+-------+-------+----------------------

Table legend:
 A = Kills in this place as a percentage of kills in entire the game.
 B = Kills by you in this place as a percentage of kills by you in the entire game.
 C = Kills by friends in this place as a percentage of kills by friends in the entire game.
 D = Other kills in this place as a percentage of other kills in the entire game.
 E = Experience gained in this place as a percentage of experience gained in the entire game.
 F = Experience gained in this place divided by the number of levels of this place that you have seen.
                   A       B       C       D       E      F
               +-------+-------+-------+-------+-------+----------------------
         Total | 100.0 | 100.0 |  -nan |  -nan | 100.0 |  24.5
       Dungeon | 100.0 | 100.0 |  -nan |  -nan | 100.0 |  24.5
               +-------+-------+-------+-------+-------+----------------------
